 Dungeon Crawl Stone Soup version 0.23.2 (webtiles) character file.

Game seed: 14399042166703389275

871 Lusmu the Skirmisher (level 8, -1/80 HPs)
             Began as an Ogre Fire Elementalist on Apr 2, 2019.
             Succumbed to a worker ant's poison
             ... on level 4 of the Dungeon.
             The game lasted 00:19:37 (6088 turns).

Lusmu the Skirmisher (Ogre Fire Elementalist)       Turns: 6088, Time: 00:19:38

Health: -1/80      AC:  5    Str: 10 (13) XL:     8   Next: 3%
Magic:  11/11      EV: 10    Int: 14 (16) God:
Gold:   127        SH:  0    Dex:  9 (11) Spells: 7/11 levels left

rFire    . . .     SeeInvis .   b - +2 quarterstaff (chaos)
rCold    . . .     Gourm    .   (shield currently unavailable)
rNeg     . . .     Faith    .   a - +1 robe
rPois    .         Spirit   .   (helmet restricted)
rElec    .         Reflect  .   e - +0 cloak
rCorr    .         Harm     .   (gloves unavailable)
MR       .....                  (boots unavailable)
Stlth    ++........             (no amulet)
HPRegen  0.23/turn              (no ring)
MPRegen  0.12/turn              (no ring)

@: lethally poisoned (-1 -> -35), hasted, very quick
A: large, unfitting armour, tough skin 1
a: no special abilities


You were on level 4 of the Dungeon.
You were not hungry.

You visited 1 branch of the dungeon, and saw 4 of its levels.
You also visited: Ossuary.

You collected 127 gold pieces.

Inventory:

Hand Weapons
 b - a +2 quarterstaff of chaos (weapon)
 n - a +0 spear
Missiles
 d - 3 poisoned javelins (quivered)
 l - 6 tomahawks
Armour
 a - a +1 robe (worn)
 e - a +0 cloak (worn)
Wands
 f - a wand of random effects (9)
Scrolls
 g - a scroll of enchant armour
 h - a scroll of identify
 j - a scroll of immolation
 p - a scroll of amnesia
 t - a scroll of fog
Potions
 i - a potion of flight
 m - a potion of haste
 o - a potion of lignification
 r - a potion of resistance
 s - a potion of brilliance
 u - 2 potions of might
Comestibles
 c - 3 rations


   Skills:
 - Level 5.0 Fighting
 - Level 1.7 Dodging
 + Level 3.9 Stealth
 - Level 2.4 Spellcasting
 + Level 4.0 Conjurations
 + Level 4.9 Fire Magic


You had 7 spell levels left.
You knew the following spells:

 Your Spells              Type           Power        Failure   Level  Hunger
a - Flame Tongue          Conj/Fire      ##...        3%          1    #......
b - Conjure Flame         Conj/Fire      ##......     11%         3    ###....

Your spell library contained the following spells:

 Spells                   Type           Power        Failure   Level  Hunger
 Throw Flame              Conj/Fire      ##....       5%          2    ###....
 Inner Flame              Hex/Fire       #.......     24%         3    ###....
 Sticky Flame             Conj/Fire      ##......     34%         4    #####..
 Fireball                 Conj/Fire      ##........   69%         5    ######.


Dungeon Overview and Level Annotations

Branches:
Dungeon (4/15)
 Temple: D:4-7

Altars:
Kikubaaqudgha
Trog

Annotations:
D:1 Sigmund


Innate Abilities, Weirdness & Mutations

You are too large for most types of armour.
You have tough skin. (AC +1)


Message History

The worker ant bites you.
* * * LOW HITPOINT WARNING * * *
You are more poisoned.
The worker ant poisons you! The worker ant barely misses you.
Okay, then.
You feel yourself speed up.
* * * LOW HITPOINT WARNING * * *
You feel very sick. The worker ant barely misses you.
You barely miss the worker ant.
* * * LOW HITPOINT WARNING * * *
You feel very sick. The worker ant misses you.
You sock the worker ant!
The worker ant appears confused.
The worker ant is heavily wounded.
* * * LOW HITPOINT WARNING * * *
You feel very sick.
You sock the worker ant! You freeze the worker ant.
You kill the worker ant!
You die...

#.....###......#
#............#
###.###).#...#
#######.##..##.#....#
...........## .# ##..
#########..###.# .
#...[...# .#
#.......#.##.##..>.
#.@)....#..........
##......#......e.[.
#####≈......#..........
#≈≈≈≈≈.≈...(..#.......(
#≈≈≈≈≈≈≈.......#........
≈≈≈≈≈.≈≈≈≈.....#........
#≈≈≈≈≈≈≈≈...............
#####≈≈.≈......#........
#.≈≈≈≈≈.....#........


There were no monsters in sight!

Vanquished Creatures
  Duvessa (D:4)
  5 water moccasin zombies (Ossuary)
  Dowan (D:4)
  4 orc wizards
  Crazy Yiuf (D:3)
  Natasha (twice) (D:3)
  A worker ant (D:4)
  A big kobold zombie (Ossuary)
  2 mummies (Ossuary)
  5 adders
  2 oozes
  8 adder zombies (Ossuary)
  An adder skeleton (D:4)
  5 worms
  4 leopard geckos
  10 orcs
  5 giant cockroaches
  13 goblins
  3 hobgoblins
  A quokka (D:3)
  4 bats
  2 frilled lizards
  4 gnoll zombies (Ossuary)
  3 hobgoblin zombies (Ossuary)
  9 kobolds
  5 kobold zombies (Ossuary)
  5 orc zombies (Ossuary)
  8 rats
115 creatures vanquished.

Vanquished Creatures (others)
  4 toadstools (D:1)
4 creatures vanquished.

Grand Total: 119 creatures vanquished

Notes
Turn   | Place    | Note
-------+----------+-------------------------------------------
     0 | D:1      | Lusmu the Ogre Fire Elementalist began the quest for the
                  | Orb.
     0 | D:1      | Reached XP level 1. HP: 16/16 MP: 3/3
    35 | D:1      | Reached skill level 1 in Conjurations
   240 | D:1      | Reached XP level 2. HP: 26/26 MP: 5/5
   269 | D:1      | Reached skill level 1 in Fighting
   701 | D:1      | Reached XP level 3. HP: 16/33 MP: 0/6
  1462 | D:2      | Noticed Sigmund
  1589 | D:2      | Found a bloodstained altar of Trog.
  1906 | D:2      | Reached skill level 2 in Fighting
  2167 | D:2      | Reached XP level 4. HP: 19/42 MP: 7/7
  2745 | D:2      | Learned a level 3 spell: Conjure Flame
  2957 | D:3      | Found a runed translucent door.
  2958 | D:3      | Noticed Crazy Yiuf
  2976 | D:3      | Killed Crazy Yiuf
  3343 | D:3      | Found an ancient bone altar of Kikubaaqudgha.
  3350 | D:3      | Reached XP level 5. HP: 46/50 MP: 8/8
  3568 | D:3      | Reached skill level 3 in Fighting
  3894 | D:3      | Noticed Natasha
  3898 | D:3      | Killed Natasha
  4237 | D:3      | Noticed Natasha
  4240 | D:3      | Killed Natasha
  4240 | D:3      | Reached XP level 6. HP: 56/61 MP: 9/9
  4308 | D:4      | Noticed Dowan
  4311 | D:4      | Noticed Duvessa
  4361 | D:4      | Found a sand-covered staircase.
  4624 | Ossuary  | Entered an ossuary
  4677 | Ossuary  | Reached skill level 4 in Fighting
  5086 | Ossuary  | Reached XP level 7. HP: 64/70 MP: 10/10
  5683 | D:4      | Reached skill level 5 in Fighting
  6040 | D:4      | Killed Duvessa
  6054 | D:4      | Killed Dowan
  6084 | D:4      | Reached XP level 8. HP: 21/80 MP: 11/11
  6087 | D:4      | HP: 2/80 [poisoned by a worker ant]
  6088 | D:4      | Succumbed to a worker ant's poison

Skill      XL: |  1  2  3  4  5  6  7 |
---------------+----------------------+-----
Conjurations   | 1 2 3 4 |  4.0
Fighting       | 1 2 3 4 5 |  5.0
Fire Magic     | 3 4 |  4.9
Stealth        | 2 3 |  3.9
Dodging        | |  1.7
Spellcasting   | |  2.4

Action                   |  1- 3 |  4- 6 |  7- 9 || total
-------------------------+-------+-------+-------++-------
Melee: Unarmed           |    69 |       |       ||    69
       Dagger            |   124 |     3 |       ||   127
       War axe           |       |    28 |       ||    28
       Quarterstaff      |       |   150 |   112 ||   262
Throw: Javelin           |     1 |     7 |     6 ||    14
       Tomahawk          |       |       |     2 ||     2
 Cast: Flame Tongue      |    28 |    15 |       ||    43
       Conjure Flame     |       |     1 |       ||     1
  Use: Scroll            |     3 |     7 |     2 ||    12
       Potion            |       |     1 |     7 ||     8
 Stab: Sleeping          |     3 |     3 |     1 ||     7
       Distracted        |     1 |       |       ||     1
       Paralysed         |       |       |     4 ||     4
  Eat: Chunk             |     4 |     9 |       ||    13
       Ration            |       |     1 |     1 ||     2
Armor: Robe              |    63 |    68 |    31 ||   162
Dodge: Dodged            |   116 |   111 |    62 ||   289
